 Dungeon Crawl Stone Soup version 0.29.0-4-gdea44cf6ec (webtiles) character file.

Game seed: 11541678090866009314

256 qw the Chopper (level 6, -5/35 HPs)
             Began as a Tengu Warper on Aug 28, 2022.
             Slain by Duvessa
             ... wielding a +0 short sword
              (11 damage)
             ... on level 4 of the Dungeon.
             The game lasted 00:00:19 (4572 turns).

qw the Chopper (Tengu Warper)                       Turns: 4572, Time: 00:00:20

Health: -5/35      AC:  5    Str: 10    XL:     6   Next: 16%
Magic:  10/10      EV: 15    Int: 20    God:
Gold:   153        SH:  0    Dex: 16    Spells: 9/9 levels left

rFire   . . .      SeeInvis .   Y - +1 war axe
rCold   . . .      Faith    .   (no shield)
rNeg    . . .      Spirit   .   b - +0 leather armour
rPois   .          Reflect  .   (helmet restricted)
rElec   .          Harm     .   (no cloak)
rCorr   .          Rampage  .   (no gloves)
Will    .....                   (boots unavailable)
Stlth   +.........              (no amulet)
HPRegen 0.11/turn               (no ring)
MPRegen 0.12/turn               (no ring)

@: flying quickly and evasively, quick
A: beak, talons 3, nimble flight, iridescent scales 1, agile 1, clever 2
a: no special abilities


You were on level 4 of the Dungeon.
You visited 1 branch of the dungeon, and saw 4 of its levels.

You collected 153 gold pieces.


Innate Abilities, Weirdness & Mutations

You have a beak for a mouth.
You have claws for feet.
Your magical nature lets you fly swiftly and evasively.
You are partially covered in iridescent scales. (AC +2)
You are agile. (Dex +4, Str/Int -1)
Your mind is very acute. (Int +8, Str/Dex -2)


   Skills:
 - Level 2.0 Fighting
 + Level 6.4 Axes
 - Level 1.0 Throwing
 - Level 1.1 Armour
 - Level 3.2 Dodging
 - Level 2.0 Spellcasting
 - Level 2.4 Translocations


You had 9 spell levels left.
You didn't know any spells.
Your spell library contained the following spells:

 Spells                   Type           Power      Damage    Failure   Level
 Blink                    Tloc           22%        N/A       12%         2
 Gell's Gravitas          Tloc           11%        N/A       24%         3
 Lesser Beckoning         Tloc           11%        N/A       24%         3
 Teleport Other           Tloc           11%        N/A       24%         3
 Manifold Assault         Tloc           11%        N/A       92%         5

Inventory:

Hand Weapons
 c - a +0 flail
 Y - a +1 war axe (weapon)
Armour
 b - a +0 leather armour (worn)
Scrolls
 a - a scroll of enchant armour
 d - a scroll of magic mapping {unknown}
 f - a scroll of noise {unknown}
 k - a scroll of identify
Potions
 e - a potion of flight {unknown}
 g - a potion of invisibility {unknown}
 h - a potion of heal wounds {unknown}
 i - 2 potions of curing
 l - a potion of brilliance {unknown}

Dungeon Overview and Level Annotations

Branches:
Dungeon (4/15)
 Temple: D:4-7

Altars:

Shops:
D:1 :   D:4 =

Annotations:
D:4 Duvessa


Message History

HP restored.
There is an open door, spattered with blood here.
You see here a ball python corpse.
You see here a staff of air.
Found a stone staircase leading down.
There is a stone staircase leading down here.
Found 3 stones.
Enter note: Dowan, Brother of Duvessa comes into view.
He is wielding a +0 dagger.
Duvessa, Sister of Dowan comes into view.
She is wielding a +0 short sword and wearing a +1 ring mail of willpower.
Duvessa shouts!
Dowan shouts!
You closely miss Duvessa. You claw Duvessa.
Duvessa is lightly wounded.
Dowan casts a spell.
Dowan blinks!
Duvessa hits you with a +0 short sword.
You hit Duvessa but do no damage. You peck Duvessa, but do no damage.
Duvessa is lightly wounded.
Duvessa hits you with a +0 short sword.
You hit Duvessa but do no damage.
Duvessa is lightly wounded.
You slash Dowan! Duvessa hits you with a +0 short sword.
Dowan hits you with a +0 dagger. x2
Duvessa completely misses you.
You slash Dowan! You claw Dowan. You peck Dowan.
You kill Dowan!
Duvessa screams in rage.
Duvessa goes berserk!
You hit Duvessa but do no damage. Duvessa hits you with a +0 short sword.
You have reached level 6!
You completely miss Duvessa. Your kick misses Duvessa.
You peck Duvessa, but do no damage.
Duvessa is lightly wounded.
Duvessa barely misses you. Duvessa hits you with a +0 short sword.
You slash Duvessa! You claw Duvessa.
Duvessa is heavily wounded.
Duvessa barely misses you. Duvessa closely misses you.
You hit Duvessa.
Duvessa is heavily wounded.
Duvessa closely misses you. Duvessa hits you with a +0 short sword!
You die...

### #.. #.# #.#
####e#### #...@...#
#....)..# ###########
#(......# #.........#
#.......#### #.........#
#........... #.........#
####........ #.........#
#........ #.........#
#........
#.........######........


You could see Duvessa (berserk).

Vanquished Creatures
  Dowan (D:4)
  A hound (D:4)
  7 gnolls (D:4)
  5 adders
  2 worms (D:2)
  3 dart slugs
  7 ball pythons
  5 bats
  An endoplasm (D:3)
  A giant cockroach (D:1)
  3 goblins
  5 hobgoblins
  5 jackals
  2 quokkas
  3 frilled lizards
  3 kobolds
  7 rats
61 creatures vanquished.

Notes
Turn   | Place    | Note
-------+----------+-------------------------------------------
     0 | D:1      | qw the Tengu Warper began the quest for the Orb.
     0 | D:1      | Reached XP level 1. HP: 12/12 MP: 4/4
     0 | D:1      | 0 ||| qw: Version: 0.1-a-89-g26bdef1
     0 | D:1      | 0 ||| qw: Game counter: 1228
     0 | D:1      | 0 ||| qw: Always use a shield: true
     0 | D:1      | 0 ||| qw: God list: Okawaru
     0 | D:1      | 0 ||| qw: Allow faded altars: false
     0 | D:1      | 0 ||| qw: Do Orc after D:15 true
     0 | D:1      | 0 ||| qw: Do second Lair branch before Depths: true
     0 | D:1      | 0 ||| qw: Lair rune preference: random
     0 | D:1      | 0 ||| qw: Plans: Normal
     0 | D:1      | 0 ||| PLANNING D:1-11
   356 | D:1      | 356 ||| Stepping ~*~*~tactically~*~*~ (stealth).
   360 | D:1      | Reached XP level 2. HP: 17/17 MP: 6/6
   370 | D:1      | Found Egokhle's Book Boutique.
   400 | D:1      | Found a faded altar of an unknown god.
   471 | D:1      | Reached skill level 3 in Axes
   516 | D:1      | 516 ||| Stepping ~*~*~tactically~*~*~ (stealth).
   517 | D:1      | 517 ||| Stepping ~*~*~tactically~*~*~ (stealth).
   520 | D:1      | 520 ||| Stepping ~*~*~tactically~*~*~ (stealth).
   523 | D:1      | 523 ||| Stepping ~*~*~tactically~*~*~ (stealth).
  1053 | D:1      | 1053 ||| READING scroll labelled ODILUE UGYURIBB.
  1054 | D:1      | 1054 ||| READING scroll labelled RIMOH KYIRI.
  1055 | D:1      | 1055 ||| DROPPING scroll of blinking.
  1303 | D:2      | 1303 ||| DROPPING +0 club.
  1327 | D:2      | Reached XP level 3. HP: 21/21 MP: 7/7
  1382 | D:2      | Reached skill level 4 in Axes
  1695 | D:2      | 1695 ||| READING scroll labelled TEHIEG YPHICH.
  1696 | D:2      | 1696 ||| READING scroll labelled XUSHRU XECIR.
  1697 | D:2      | 1697 ||| DRINKING 2 fuming emerald potions.
  1742 | D:2      | 1742 ||| STAIRDANCE
  2383 | D:2      | 2383 ||| SWAPPING to +0 war axe.
  2384 | D:2      | 2384 ||| DROPPING +1 hand axe.
  2522 | D:2      | 2522 ||| Stepping ~*~*~tactically~*~*~ (hiding).
  2530 | D:2      | Reached XP level 4. HP: 25/26 MP: 8/8
  2719 | D:2      | 2719 ||| READING scroll labelled QOAN JEPIQULEGU.
  2720 | D:2      | 2720 ||| READING scroll labelled JALOIVEXZ SECS.
  2721 | D:2      | 2721 ||| DRINKING 2 coppery potions.
  2721 | D:2      | Gained mutation: Your mind is acute. (Int +4, Str/Dex -1)
                  | [potion of mutation]
  2721 | D:2      | Gained mutation: Armour fits poorly on your strangely
                  | shaped body. [potion of mutation]
  2721 | D:2      | Gained mutation: Your spells are a little easier to cast,
                  | but a little less powerful. [potion of mutation]
  2721 | D:2      | Gained mutation: You are strong-willed. (Will+) [potion of
                  | mutation]
  2722 | D:2      | 2722 ||| DRINKING potion of mutation.
  2722 | D:2      | Lost mutation: You are strong-willed. (Will+) [potion of
                  | mutation]
  2722 | D:2      | Lost mutation: Your spells are a little easier to cast, but
                  | a little less powerful. [potion of mutation]
  2722 | D:2      | Lost mutation: Armour fits poorly on your strangely shaped
                  | body. [potion of mutation]
  2722 | D:2      | Gained mutation: You are partially covered in iridescent
                  | scales. (AC +2) [potion of mutation]
  2722 | D:2      | Gained mutation: Your mind is very acute. (Int +8, Str/Dex
                  | -2) [potion of mutation]
  2722 | D:2      | Gained mutation: You are agile. (Dex +4, Str/Int -1)
                  | [potion of mutation]
  3040 | D:3      | 3040 ||| READING scroll of enchant weapon.
  3040 | D:3      | 3040 ||| ENCHANTING +0 war axe.
  3077 | D:3      | Reached skill level 5 in Axes
  3172 | D:3      | 3172 ||| Stepping ~*~*~tactically~*~*~ (stealth).
  3193 | D:3      | 3193 ||| Stepping ~*~*~tactically~*~*~ (stealth).
  3194 | D:3      | 3194 ||| Stepping ~*~*~tactically~*~*~ (stealth).
  3196 | D:3      | 3196 ||| Stepping ~*~*~tactically~*~*~ (stealth).
  3216 | D:3      | 3216 ||| Stepping ~*~*~tactically~*~*~ (stealth).
  3704 | D:3      | 3704 ||| READING scroll labelled LAIQUE ISAVVY.
  3708 | D:3      | 3708 ||| READING scroll labelled TIUCITRUTO.
  3709 | D:3      | 3709 ||| READING 2 scrolls of identify.
  3709 | D:3      | 3709 ||| IDENTIFYING smoky orange potion
  3710 | D:3      | 3710 ||| DROPPING potion of attraction.
  3774 | D:4      | HP: 5/26 [gnoll/+0 spear (3)]
  3775 | D:4      | Gained mutation: Your magical nature lets you fly swiftly
                  | and evasively. [Tengu growth]
  3775 | D:4      | Reached XP level 5. HP: 5/30 MP: 9/9
  3776 | D:4      | HP: 1/30 [gnoll/+0 spear (5)]
  3778 | D:4      | 3778 ||| FLEEEEING.
  3779 | D:4      | 3779 ||| FLEEEEING.
  3780 | D:4      | 3780 ||| FLEEEEING.
  3781 | D:4      | 3781 ||| FLEEEEING.
  3782 | D:4      | 3782 ||| FLEEEEING.
  3783 | D:4      | 3783 ||| FLEEEEING.
  3784 | D:4      | 3784 ||| FLEEEEING.
  3786 | D:4      | 3786 ||| FLEEEEING.
  3787 | D:4      | 3787 ||| FLEEEEING.
  3788 | D:4      | 3788 ||| FLEEEEING.
  3789 | D:4      | 3789 ||| FLEEEEING.
  3790 | D:4      | 3790 ||| FLEEEEING.
  3791 | D:4      | 3791 ||| FLEEEEING.
  3792 | D:4      | 3792 ||| FLEEEEING.
  3793 | D:4      | 3793 ||| FLEEEEING.
  3794 | D:4      | 3794 ||| FLEEEEING.
  3795 | D:4      | 3795 ||| FLEEEEING.
  3798 | D:4      | 3798 ||| FLEEEEING.
  3799 | D:4      | 3799 ||| FLEEEEING.
  3800 | D:4      | 3800 ||| STAIRDANCE
  4093 | D:4      | 4093 ||| DROPPING +0 whip.
  4114 | D:4      | Found Qatzyt's Jewellery Shop.
  4119 | D:4      | 4119 ||| SHOPLISTING amulet of guardian spirit (300 gold,
                  | have 128).
  4119 | D:4      | 4119 ||| SHOPLISTING amulet of reflection (300 gold, have
                  | 128).
  4119 | D:4      | 4119 ||| SHOPLISTING ring of fire (250 gold, have 128).
  4119 | D:4      | 4119 ||| SHOPLISTING ring of positive energy (200 gold,
                  | have 128).
  4119 | D:4      | 4119 ||| SHOPLISTING ring of resist corrosion (200 gold,
                  | have 128).
  4119 | D:4      | 4119 ||| SHOPLISTING ring of willpower (250 gold, have
                  | 128).
  4139 | D:4      | 4139 ||| Stepping ~*~*~tactically~*~*~ (stealth).
  4140 | D:4      | 4140 ||| Stepping ~*~*~tactically~*~*~ (stealth).
  4142 | D:4      | 4142 ||| Stepping ~*~*~tactically~*~*~ (stealth).
  4143 | D:4      | 4143 ||| Stepping ~*~*~tactically~*~*~ (stealth).
  4154 | D:4      | 4154 ||| Stepping ~*~*~tactically~*~*~ (stealth).
  4220 | D:4      | Reached skill level 6 in Axes
  4447 | D:4      | Reached skill level 3 in Dodging
  4561 | D:4      | Noticed Dowan
  4562 | D:4      | Noticed Duvessa
  4569 | D:4      | Killed Dowan
  4570 | D:4      | Reached XP level 6. HP: 11/35 MP: 10/10
  4570 | D:4      | HP: 6/35 [Duvessa/+0 short sword (5)]
  4572 | D:4      | Slain by Duvessa

Levels and vault maps discovered:
D:1:      minmay_arrival_jagged, layout_loops_cross, serial_shops, shop,
          chequers_ecumenical_altar_simple
D:2:      mumra_celtic_spiral_tile, layout_loops_cross
D:3:      layout_basic, minmay_misc_feat_secret_circle
D:4:      layout_basic, lemuel_doored_altar, serial_shops,
          nicolae_shop_hallway_plus, uniq_duvessa

Skill      XL: |  1  2  3  4  5 |
---------------+----------------+-----
Axes           | 3 4 5 6 |  6.4
Dodging        | 3 |  3.2
Fighting       | |  2.0
Throwing       | |  1.0
Armour         | |  1.1
Spellcasting   | |  2.0
Translocations | |  2.4

Action                   |  1- 3 |  4- 6 || total
-------------------------+-------+-------++-------
Melee: Hand axe          |    72 |       ||    72
       Kick              |    20 |    18 ||    38
       Peck              |    16 |    15 ||    31
       War axe           |     1 |    70 ||    71
Throw: Boomerang         |     7 |       ||     7
  Use: Scroll            |     4 |     6 ||    10
       Potion            |     1 |     2 ||     3
 Stab: Distracted        |       |     1 ||     1
Armor: Leather armour    |    19 |    13 ||    32
Dodge: Dodged            |    35 |    48 ||    83

Table legend:
 A = Non-vault XP
 B = Vault XP
 C = Vault XP percentage of total XP
 D = Non-vault monster count
 E = Vault monster count
 F = Vault count percentage of total count
                 A         B        C        D         E       F
            +---------+---------+-------+---------+---------+-------
      Total |     298 |      69 |  18.8 |      60 |       1 |   1.6
            +---------+---------+-------+---------+---------+-------
        D:1 |      25 |       0 |   0.0 |      15 |       0 |   0.0
        D:2 |      72 |       0 |   0.0 |      18 |       0 |   0.0
        D:3 |      35 |       0 |   0.0 |      12 |       0 |   0.0
        D:4 |     166 |      69 |  29.4 |      15 |       1 |   6.2
            +---------+---------+-------+---------+---------+-------
